 Dungeon Crawl Stone Soup version 0.29.0-4-gdea44cf6ec (webtiles) character file.

Game seed: 11977795991886020848

6 qw the Chopper (level 1, -2/12 HPs)
             Began as a Tengu Warper on Aug 28, 2022.
             Slain by a quokka (4 damage)
             ... on level 1 of the Dungeon.
             The game lasted 00:00:00 (215 turns).

qw the Chopper (Tengu Warper)                        Turns: 215, Time: 00:00:01

Health: -2/12      AC:  3    Str: 11    XL:     1   Next: 90%
Magic:  4/4        EV: 11    Int: 13    God:
Gold:   18         SH:  0    Dex: 13    Spells: 4/4 levels left

rFire   . . .      SeeInvis .   a - +0 hand axe
rCold   . . .      Faith    .   (no shield)
rNeg    . . .      Spirit   .   b - +0 leather armour
rPois   .          Reflect  .   (helmet restricted)
rElec   .          Harm     .   (no cloak)
rCorr   .          Rampage  .   (no gloves)
Will    .....                   (boots unavailable)
Stlth   +.........              (no amulet)
HPRegen 0.04/turn               (no ring)
MPRegen 0.09/turn               (no ring)

@: no status effects
A: beak, talons 3
a: no special abilities


You were on level 1 of the Dungeon.
You visited 1 branch of the dungeon, and saw 1 of its levels.

You collected 18 gold pieces.


Innate Abilities, Weirdness & Mutations

You have a beak for a mouth.
You have claws for feet.


   Skills:
 - Level 2.0 Fighting
 + Level 2.9 Axes
 - Level 1.0 Throwing
 - Level 1.1 Armour
 - Level 2.1 Dodging
 - Level 2.0 Spellcasting
 - Level 2.4 Translocations


You had 4 spell levels left.
You didn't know any spells.
Your spell library contained the following spells:

 Spells                   Type           Power      Damage    Failure   Level
 Blink                    Tloc           14%        N/A       19%         2
 Gell's Gravitas          Tloc           7%         N/A       36%         3
 Lesser Beckoning         Tloc           7%         N/A       36%         3
 Teleport Other           Tloc           7%         N/A       36%         3
 Manifold Assault         Tloc           7%         N/A       98%         5

Inventory:

Hand Weapons
 a - a +0 hand axe (weapon)
Missiles
 d - a boomerang of dispersal (quivered)
Armour
 b - a +0 leather armour (worn)
Scrolls
 c - a scroll of blinking
 e - a scroll of poison {unknown}

Dungeon Overview and Level Annotations

Branches:
Dungeon (1/15)

Altars:


Message History

Things that are here:
a +0 short sword; a kobold corpse
e - a scroll labelled MUCHER KUACH
Found a helmet.
You see here a +0 helmet.
Found 8 stones.
Enter note: You see here 8 stones.
A quokka comes into view.
Enter note: Throw: 3 boomerangs (disperse)
Press: ? - help, Q - select action Shift-Dir - straight line, f - quokka You throw a boomerang of dispersal.
The boomerang of dispersal hits the quokka but does no damage.
Throw: 2 boomerangs (disperse)
Press: ? - help, Q - select action Shift-Dir - straight line, f/p - quokka You throw a boomerang of dispersal.
The boomerang of dispersal closely misses the quokka.
You completely miss the quokka. The quokka bites you.
You hit the quokka.
The quokka is heavily wounded.
The quokka barely misses you. The quokka bites you.
You hit the quokka. You peck the quokka, but do no damage.
The quokka is almost dead.
The quokka barely misses you.
You completely miss the quokka.
The quokka is almost dead.
The quokka twitches its whiskers.
The quokka bites you. x2
You closely miss the quokka.
The quokka is almost dead.
The quokka barely misses you.
You closely miss the quokka.
The quokka is almost dead.
The quokka barely misses you.
You completely miss the quokka. You claw the quokka, but do no damage.
The quokka is almost dead.
The quokka barely misses you. The quokka bites you.
You die...

... ### ... # #.. ....
#.#.#####...#
.####.#.....#...#.
..................
#.#....r# #.#.##@.#
#.#(##..# ###.#.##..#
#.....##..#...##.#.#
#.....##..#......#.#..
#.....##..#........#.#
#.....##..#..........# #
#......#..#..........#.#
#.....#####..#..##.#.#.#


You could see a quokka.

Vanquished Creatures
  A dart slug (D:1)
  A goblin (D:1)
  2 frilled lizards (D:1)
  A kobold (D:1)
5 creatures vanquished.

Notes
Turn   | Place    | Note
-------+----------+-------------------------------------------
     0 | D:1      | qw the Tengu Warper began the quest for the Orb.
     0 | D:1      | Reached XP level 1. HP: 12/12 MP: 4/4
     0 | D:1      | 0 ||| qw: Version: 0.1-a-89-g26bdef1
     0 | D:1      | 0 ||| qw: Game counter: 1173
     0 | D:1      | 0 ||| qw: Always use a shield: true
     0 | D:1      | 0 ||| qw: God list: Okawaru
     0 | D:1      | 0 ||| qw: Allow faded altars: false
     0 | D:1      | 0 ||| qw: Do Orc after D:15 true
     0 | D:1      | 0 ||| qw: Do second Lair branch before Depths: true
     0 | D:1      | 0 ||| qw: Lair rune preference: random
     0 | D:1      | 0 ||| qw: Plans: Normal
     0 | D:1      | 0 ||| PLANNING D:1-11
   123 | D:1      | 123 ||| Stepping ~*~*~tactically~*~*~ (stealth).
   125 | D:1      | 125 ||| Stepping ~*~*~tactically~*~*~ (stealth).
   212 | D:1      | HP: 2/12 [quokka (4)]
   215 | D:1      | Slain by a quokka

Levels and vault maps discovered:
D:1:      sevenhm_arrival_forest_fort_large_2, layout_basic,
          hellmonk_ecumenical_altar_lost_god, minmay_statues_item

Action                   || total
-------------------------++-------
Melee: Hand axe          ||    11
       Kick              ||     2
       Peck              ||     2
Throw: Boomerang         ||     6
Dodge: Dodged            ||     7

Table legend:
 A = Non-vault XP
 B = Vault XP
 C = Vault XP percentage of total XP
 D = Non-vault monster count
 E = Vault monster count
 F = Vault count percentage of total count
                 A         B        C        D         E       F
            +---------+---------+-------+---------+---------+-------
      Total |       9 |       0 |   0.0 |       5 |       0 |   0.0
            +---------+---------+-------+---------+---------+-------
        D:1 |       9 |       0 |   0.0 |       5 |       0 |   0.0
            +---------+---------+-------+---------+---------+-------
